 Dungeon Crawl Stone Soup version 0.31-a0-859-g9dce7d3444 (webtiles) character file.

Game seed: 6725305440326531179

129 Azuregosa the Stinger (level 4, 0/63 HPs)
             Began as a Troll Venom Mage on Oct 9, 2023.
             Slain by a phantom (2 damage)
             ... on level 4 of the Dungeon.
             The game lasted 00:13:07 (1776 turns).

Azuregosa the Stinger (Troll Venom Mage)            Turns: 1776, Time: 00:13:08

Health: 0/63       AC:  4    Str: 15 (16) XL:     4   Next: 88%
Magic:  5/5        EV:  9    Int: 13      God:
Gold:   96         SH:  0    Dex:  6 (8)  Spells: 5/6 levels left

rFire   + . .        d - staff of air
rCold   + . .        (no shield)
rNeg    . . .        a - +0 robe
rPois   .            (helmet restricted)
rElec   +            g - scarf {rC+ rF+}
rCorr   .            (gloves unavailable)
SInv    .            (boots unavailable)
Will    .....        (no amulet) Stlth
                     (no ring)
HPRegen 1.10/turn    (no ring)
MPRegen 0.09/turn

%: no passive effects
@: berserking, very quick
A: large, unfitting armour, claws 3, regeneration 1, shaggy fur 1, tough skin 1,
clumsy 1
a: no special abilities


You were on level 4 of the Dungeon.
You visited 1 branch of the dungeon, and saw 4 of its levels.

You collected 96 gold pieces.

Inventory:

Hand Weapons
 e - a +0 sling
 n - a +3 short sword
Missiles
 c - 2 poisoned darts (quivered)
Armour
 a - a +0 robe (worn)
 g - a scarf of resistance (worn)
 k - a +0 tower shield
Magical Staves
 d - a staff of air (weapon)
Jewellery
 b - a ring of protection from cold
 o - a +5 ring of evasion
Scrolls
 i - a scroll of blinking {unknown}
 j - a scroll of identify {unknown}
 l - a scroll of fear {unknown}
 m - 2 scrolls of torment {unknown}
Potions
 f - a potion of lignification {unknown}
 h - a potion of resistance {unknown}
 p - a potion of berserk rage


   Skills:
 * Level 2.2 Fighting
 - Level 1.5 Dodging
 - Level 1.0 Stealth
 + Level 1.8 Spellcasting
 - Level 0.6 Transmutations
 + Level 1.0 Air Magic
 + Level 2.7 Poison Magic


You had 5 spell levels left.
You knew the following spells:

 Your Spells              Type           Power      Damage    Failure   Level
a - Sting                 Tmut/Pois      20%        1d4       13%         1

Your spell library contained the following spells:

 Spells                   Type           Power      Damage    Failure   Level
 Poisonous Vapours        Pois/Air       18%        N/A       19%         2
 Summon Small Mammal      Summ           4%         N/A       26%         1
 Mephitic Cloud           Conj/Pois/Air  6%         N/A       43%         3
 Call Canine Familiar     Summ           1%         N/A       61%         3
 Summon Guardian Golem    Hex/Summ       1%         N/A       61%         3
 Olgreb's Toxic Radiance  Pois           8%         N/A       63%         4


Dungeon Overview and Level Annotations

Branches:
Dungeon (4/15)
 Temple: D:4-7

Altars:

Annotations:
D:3 Robin


Innate Abilities, Weirdness & Mutations

You are too large for most types of armour.
You have claws for hands.
Your natural rate of healing is unusually fast.
You are covered in fur. (AC +1)
You have tough skin. (AC +1)
You are clumsy. (Dex -2)


Message History

The jelly hits you.
You are splashed with acid!
The jelly attacks as it pursues you! The jelly hits you but does no damage.
The jelly attacks as it pursues you! The jelly completely misses you.
The phantom attacks as it pursues you! The phantom hits you.
The phantom blinks!
You blink.
Aiming: Corrosive Bolt
Press: ? - help, Shift-Dir - straight line, f - phantom
Aim: a phantom (moderately damaged, covered in acid, 60% to hit)
The bolt of acid misses the phantom.
The now-empty wand crumbles to dust.
The phantom barely misses you.
You aren't carrying any items that you can evoke.
The phantom attacks as it pursues you! The phantom hits you!
* * * LOW HITPOINT WARNING * * *
The phantom blinks!
You blink.
You see here a bat corpse.
The jelly barely misses you.
It was a potion of berserk rage.
A red film seems to cover your vision as you go berserk!
You feel yourself moving faster!
You feel mighty! The phantom hits you.
* * * LOW HITPOINT WARNING * * *
The orc hits you with a +0 club.
* * * LOW HITPOINT WARNING * * *
The jelly closely misses you.
You hit the orc.
The orc is heavily wounded.
The phantom hits you.
* * * LOW HITPOINT WARNING * * *
The orc hits you with a +0 club.
* * * LOW HITPOINT WARNING * * *
The jelly barely misses you.
You completely miss the orc.
The orc is heavily wounded.
The phantom hits you.
* * * LOW HITPOINT WARNING * * *
The orc hits you but does no damage. The jelly closely misses you.
You hit the orc!
You kill the orc!
The phantom is no longer covered in acid.
The phantom hits you.
You die...

......# ######
......#.......#
......##.##...###.#
#####o##.##.......#
###.......#...#####
.§..............######
###.#.##.............#####..
###'#............###........
...............)@)<.........
.....###....#..J#W###...../.
...........†........'.......
..)..#....)).....####%.....#
.....#...##......'......#.!.
.........##......###....# ##
.........##........# g..#
##......o...##.....# ...#
#..........####.....


You could see a phantom and a jelly.

Vanquished Creatures
  A hound (D:3)
  4 adders
  3 orcs (D:4)
  5 ball pythons
  3 endoplasms
  2 giant cockroaches (D:1)
  9 goblins
  6 hobgoblins
  4 jackals (D:2)
  2 quokkas
  5 bats
  5 frilled lizards
  4 kobolds
  11 rats
64 creatures vanquished.

Notes
Turn   | Place    | Note
-------+----------+-------------------------------------------
     0 | D:1      | Azuregosa the Troll Venom Mage began the quest for the Orb.
     0 | D:1      | Reached XP level 1. HP: 16/16 MP: 1/1
   176 | D:1      | Reached XP level 2. HP: 26/26 MP: 3/3
   414 | D:1      | Reached skill level 1 in Fighting
   739 | D:2      | Reached XP level 3. HP: 33/33 MP: 4/4
   961 | D:2      | Gained mutation: You are clumsy. (Dex -2) [potion of
                  | mutation]
  1030 | D:2      | Reached XP level 4. HP: 42/42 MP: 3/5
  1651 | D:3      | Reached skill level 1 in Air Magic
  1672 | D:3      | Noticed Robin
  1714 | D:4      | Noticed a phantom
  1775 | D:4      | HP: 1/63 [phantom (4)]
  1776 | D:4      | Slain by a phantom

Illustrated notes

Levels and vault maps discovered:
D:1:      amcnicky_arrival_double_pillar, layout_basic,
          amcnicky_mini_pool_small, minmay_rat_gold_closets
D:2:      wad_pebble_path, layout_loops_ring, chequers_serial_rivers_marsh
D:3:      layout_loops_ring, chequers_serial_rivers_room_b,
          kennysheep_generic_room_9, uniq_crazy_yiuf_cottage, uniq_jessica,
          uniq_robin, uniq_ijyb
D:4:      layout_basic, nicolae_qazlal_beasts_of_the_sky,
          mainiacjoe_overflow_chevrons, minmay_misc_feat_ornament, st_stairs_2

Skill      XL: |  1  2  3  4 |
---------------+-------------+-----
Fighting       | 1 2 |  2.2
Air Magic      | 1 |  1.0
Dodging        | |  1.5
Stealth        | |  1.0
Spellcasting   | |  1.8
Transmutations | |  0.6
Poison Magic   | |  2.7

Action                     |  1- 3 |  4- 6 || total
---------------------------+-------+-------++-------
  Melee: Staff             |   134 |    86 ||   220
         Unarmed           |     8 |       ||     8
  Throw: Dart              |     1 |       ||     1
   Cast: Sting             |    22 |    15 ||    37
  Evoke: Wand              |       |     5 ||     5
    Use: Potion            |     4 |     1 ||     5
   Stab: Sleeping          |     6 |       ||     6
 Armour: Robe              |   145 |   117 ||   262
  Dodge: Dodged            |    94 |    57 ||   151
  Block: Tower shield      |    67 |       ||    67

Table legend: (Time is in decaauts)
 A = Elapsed time spent in this place.
 B = Non-inter-level travel time spent in this place.
 C = Inter-level travel time spent in this place.
 D = Time resting spent in this place.
 E = Time spent auto-exploring this place.
 F = Levels seen in this place.
 G = Mean time per level.
                   A        B        C        D        E       F      G
               +--------+--------+--------+--------+--------+-----+--------+
         Total |   1851 |   1815 |     36 |     31 |   1030 |   4 |  462.8 |
       Dungeon |   1851 |   1815 |     36 |     31 |   1030 |   4 |  462.8 |
               +--------+--------+--------+--------+--------+-----+--------+

Top non-repeatable levels by time:
     D:2: 912 daAuts
     D:1: 742 daAuts
     D:3: 115 daAuts
     D:4: 80 daAuts
